 Dungeon Crawl Stone Soup version 0.20-a0-222-gb69ddcd (webtiles) character file.

4739 KristoblXynda the Cleaver (level 10, -5/70 HPs)
             Began as a Formicid Fighter on Nov 29, 2016.
             Slain by a snapping turtle simulacrum (7 damage)
             ... on level 2 of the Abyss.
             The game lasted 00:18:23 (8166 turns).

KristoblXynda the Cleaver (Formicid Fighter)        Turns: 8166, Time: 00:18:24

Health: -5/70      AC: 12    Str: 22    XL:     10   Next: 74%
Magic:  10/10      EV: 15    Int: 17    God:
Gold:   450        SH: 12    Dex: 15    Spells: 9/9 levels left

rFire  . . .     SeeInvis +     e - +2 whip (flame)
rCold  + . .     Gourm    .     r - +1 scale mail of the Slorg {+Inv Int+4 Stlth+}
rNeg   . . .     Faith    .     c - +0 shield
rPois  .         Spirit   .     (helmet unavailable)
rElec  .         Reflect  .     v - +0 cloak
rCorr  .         Harm     .     (no gloves)
MR     +....                    m - +0 pair of boots
Stlth  ++........               (no amulet)
                                x - +3 ring of intelligence
                                o - ring of protection from cold

@: agile
A: permanent stasis, dig shafts and tunnels, four strong arms, antennae 3
a: Dig, Shaft Self, Evoke Invisibility


You were on level 2 of the Abyss.
You were not hungry.

You visited 1 branch of the dungeon, and saw 7 of its levels.
You visited the Abyss 1 time.

You collected 450 gold pieces.

Inventory:

Hand Weapons
 a - a +0 war axe
 e - a +2 whip of flaming (weapon)
 y - a +1 hand axe of chopping
Armour
 c - a +0 shield (worn)
 j - a +0 plate armour
 m - a +0 pair of boots (worn)
 r - the +1 scale mail of the Slorg (worn) {+Inv Int+4 Stlth+}
   (You found it on level 2 of the Abyss)

   It affects your intelligence (+4).
   It lets you turn invisible.
   It makes you more stealthy.
 v - a +0 cloak (worn)
 z - a +1 chain mail
Jewellery
 o - a ring of protection from cold (left hand)
 x - a +3 ring of intelligence (right hand)
Scrolls
 b - a scroll of fear
 n - 3 scrolls of remove curse
 q - a scroll of fog
 s - a scroll of recharging
 u - a scroll of amnesia
Potions
 d - a potion of flight {unknown}
 k - 3 potions of brilliance
 l - a potion of invisibility
 p - a potion of cancellation
 w - 2 potions of magic
Books
 g - a book of Misfortune

   Spells                             Type                      Level
   a - Confusing Touch                Hexes                        1
   b - Confuse                        Hexes                        3
   c - Gell's Gravitas                Hexes/Translocation          3
   d - Petrify                        Transmutation/Earth          4
   e - Metabolic Englaciation         Hexes/Ice                    5
   f - Yara's Violent Unravelling     Hexes/Transmutation          5
Comestibles
 f - 3 bread rations
 i - 4 meat rations


   Skills:
 - Level 3.2 Fighting
 * Level 10.6 Axes
 + Level 9.1 Armour
 + Level 9.7 Shields


You had 9 spell levels left.
You didn't know any spells.

Dungeon Overview and Level Annotations

Branches:
Dungeon (7/15)             Temple (0/1) D:5

Altars:
Cheibriados
Fedhas
Hepliaklqana
Makhleb
Sif Muna

Shops:
D:6 [


Innate Abilities, Weirdness & Mutations

You cannot be hasted, slowed, berserked, paralysed or teleported.
You can dig through walls and to a lower floor.
Your four strong arms can wield two-handed weapons with a shield.
You have a pair of large antennae on your head. (SInv)


Message History

You hit the snapping turtle simulacrum but do no damage.
You block the snapping turtle simulacrum's attack.
You whack the snapping turtle simulacrum!
You melt the snapping turtle simulacrum.
The snapping turtle simulacrum is moderately damaged.
The snapping turtle simulacrum bites you!
* * * LOW HITPOINT WARNING * * *
The snapping turtle simulacrum freezes you.
You resist.
* * * LOW HITPOINT WARNING * * *
An ufetubus comes into view.
It was a potion of agility.
You feel agile all of a sudden.
The ufetubus moves out of view.
It was a potion of cure mutation.
It has a very clean taste.
The snapping turtle simulacrum bites you.
* * * LOW HITPOINT WARNING * * *
The snapping turtle simulacrum freezes you!
You resist.
You die...

..#.### . ....#
... . # .. #..
.##.# .. ยง
....# .# #. #..
.##.. . ..
##.##.#.....#.#
#..... #...#.#.
##.Z#. ## # .
##@##.#.# #
#...# .. .
#..#### ## #.#.
.# #..##. . #.
..# # . #.#{ .
. .. .#


You could see a snapping turtle simulacrum.

Vanquished Creatures
  An unseen horror (D:4)
  Pikel (D:6)
  An air elemental (Abyss:2)
  Sigmund (D:4)
  Eustachio (D:5)
  A hungry ghost (Abyss:2)
  Edmund (D:6)
  4 vampire mosquitoes (D:7)
  Menkaure (D:5)
  2 ice beasts
  4 slaves (D:6)
  2 phantoms
  2 sky beasts
  4 ogres
  A hornet zombie (D:6)
  3 centaurs
  2 big kobolds
  2 bullfrogs
  2 scorpions
  Crazy Yiuf (D:6)
  4 orc priests (D:4)
  A centaur skeleton (D:5)
  A gnoll shaman (D:7)
  2 hounds
  Terence (D:3)
  A bullfrog skeleton (D:7)
  2 iguanas
  Ijyb (D:3)
  3 orc wizards
  8 worker ants
  A killer bee zombie (D:5)
  A hound skeleton (D:4)
  Robin (D:3)
  4 gnolls (D:7)
  9 adders
  An ooze (D:3)
  2 worms (D:2)
  An adder skeleton (D:5)
  An adder zombie (D:7)
  4 leopard geckos
  18 orcs
  3 ball pythons
  4 giant cockroaches
  11 hobgoblins
  16 jackals
  17 kobolds
  3 quokkas
  A ball python zombie (D:5)
  6 bats
  6 frilled lizards
  12 goblins
  8 rats
191 creatures vanquished.

Notes
Turn   | Place    | Note
-------+----------+-------------------------------------------
     0 | D:1      | KristoblXynda the Formicid Fighter began the quest for the Orb.
     0 | D:1      | Reached XP level 1. HP: 18/18 MP: 1/1
   154 | D:1      | Reached XP level 2. HP: 24/24 MP: 2/2
   763 | D:1      | Reached XP level 3. HP: 28/29 MP: 3/3
  1578 | D:2      | Reached XP level 4. HP: 35/35 MP: 4/4
  2028 | D:3      | Noticed Terence
  2043 | D:3      | Killed Terence
  2043 | D:3      | Reached skill level 3 in Axes
  2272 | D:3      | Reached XP level 5. HP: 41/41 MP: 5/5
  2303 | D:3      | Noticed Robin
  2329 | D:3      | Killed Robin
  2389 | D:3      | Noticed Ijyb
  2406 | D:3      | Killed Ijyb
  2596 | D:3      | Reached skill level 4 in Axes
  2731 | D:3      | Reached XP level 6. HP: 47/47 MP: 6/6
  2996 | D:4      | Reached skill level 5 in Shields
  3345 | D:4      | Reached skill level 5 in Armour
  3398 | D:4      | Noticed a phantom
  3448 | D:4      | Killed a phantom
  3448 | D:4      | Reached skill level 5 in Axes
  3448 | D:4      | Reached XP level 7. HP: 38/52 MP: 7/7
  3580 | D:4      | Noticed Sigmund
  3592 | D:4      | Killed Sigmund
  4137 | D:4      | Found a burning altar of Makhleb.
  4236 | D:4      | Found a blossoming altar of Fedhas.
  4236 | D:4      | Found a deep blue altar of Sif Muna.
  4237 | D:4      | Found a hazy altar of Hepliaklqana.
  4237 | D:4      | Found a snail-covered altar of Cheibriados.
  4340 | D:4      | Reached XP level 8. HP: 19/58 MP: 8/8
  4391 | D:4      | Reached skill level 6 in Axes
  4591 | D:5      | Entered Level 5 of the Dungeon
  4591 | D:5      | Noticed Menkaure
  4637 | D:5      | Noticed Eustachio
  4772 | D:4      | Noticed an unseen horror
  4788 | D:4      | Killed an unseen horror
  4788 | D:4      | Reached skill level 7 in Axes
  5050 | D:5      | Reached XP level 9. HP: 50/64 MP: 9/9
  5333 | D:5      | Reached skill level 8 in Axes
  5363 | D:5      | Killed Eustachio
  5652 | D:5      | Killed Menkaure
  6060 | D:5      | Found a staircase to the Ecumenical Temple.
  6463 | D:6      | Found Unibodgh's Antique Armour Shop.
  6666 | D:6      | Reached skill level 9 in Axes
  6747 | D:6      | Noticed Pikel
  6781 | D:6      | Killed Pikel
  6781 | D:6      | Reached XP level 10. HP: 59/70 MP: 10/10
  7101 | D:6      | Noticed Edmund
  7125 | D:6      | Killed Edmund
  7125 | D:6      | Reached skill level 10 in Axes
  7312 | D:6      | Found a runed door.
  7316 | D:6      | Noticed Crazy Yiuf
  7323 | D:6      | Killed Crazy Yiuf
  7675 | D:7      | Got a crude robe
  7686 | D:7      | Identified the cursed +0 robe of You Go First {*Slow Dex+5} (You found it on level 7 of the Dungeon)
  7897 | D:7      | Found a snail-covered altar of Cheibriados.
  7963 | D:7      | Identified a scroll of acquirement
  7970 | D:7      | Cast into level 2 of the Abyss (a distortion unwield)
  8073 | Abyss:2  | Got an encrusted scale mail
  8102 | Abyss:2  | Identified the +1 scale mail of the Slorg {+Inv Int+4 Stlth+} (You found it on level 2 of the Abyss)
  8164 | Abyss:2  | HP: 2/70 [snapping turtle simulacrum (5)]
  8166 | Abyss:2  | Slain by a snapping turtle simulacrum

Vault maps used:
D:1:      eino_arrival_druids_welcome
D:3:      uniq_iyjb, uniq_robin, uniq_terence
D:4:      lemuel_upstairs_altar, lemuel_crystal_altar, minitemple, uniq_sigmund
D:5:      first_bread, uniq_menkaure, uniq_eustachio
D:6:      serial_shops, shop, uniq_crazy_yiuf_cottage, uniq_pikel, uniq_edmund
D:7:      basic_altar, grunt_livestock

Skill      XL: |  1  2  3  4  5  6  7  8  9 10 |
---------------+-------------------------------+-----
Armour         | 4 5 6 8 9 |  9.1
Shields        | 4 5 6 7 8 9 |  9.7
Axes           | 3 4 5 7 9 10 | 10.6
Fighting       | |  3.2

Action                   |  1- 3 |  4- 6 |  7- 9 | 10-12 || total
-------------------------+-------+-------+-------+-------++-------
Melee: War axe           |   129 |    32 |       |       ||   161
       Hand axe          |       |   152 |   267 |   175 ||   594
       Whip              |       |    15 |   126 |   124 ||   265
  Use: Scroll            |       |     7 |     4 |     9 ||    20
       Potion            |       |       |     3 |     5 ||     8
 Stab: Invisible         |       |       |       |    13 ||    13
  Eat: Chunk             |     2 |     5 |     3 |     3 ||    13
       Royal jelly       |       |     1 |       |       ||     1
       Fruit             |       |       |     1 |     4 ||     5
       Meat ration       |       |       |     1 |       ||     1
       Beef jerky        |       |       |     1 |       ||     1
Armor: Scale mail        |    70 |    42 |       |    12 ||   124
       Chain mail        |       |    32 |   242 |    95 ||   369
Dodge: Dodged            |    46 |    53 |   128 |    97 ||   324
Block: Shield            |    80 |    88 |   240 |   162 ||   570
